 Dungeon Crawl Stone Soup version 0.27-a0-1140-g099f9bb0e8 (webtiles) character file.

Game seed: 8748500534057003801

984 kasomir the Cutter (level 8, 0/91 HPs)
             Began as a Human Berserker on May 9, 2021.
             Was a Believer of Trog.
             Splashed by a jelly's acid (5 damage)
             ... on level 6 of the Dungeon.
             The game lasted 00:47:34 (5992 turns).

kasomir the Cutter (Human Berserker)                Turns: 5992, Time: 00:47:35

Health: 0/91       AC: -8    Str: 19    XL:     8   Next: 40%
Magic:  8/8        EV:  9    Int:  8    God:    Trog [**....]
Gold:   211        SH:  7    Dex: 13    Spells: 7/7 levels left

rFire    + + .     SeeInvis .   k - +0 short sword (flame)
rCold    x . .     Faith    .   t - +0 kite shield
rNeg     + . .     Spirit   .   C - +1 chain mail {rF+}
rPois    .         Reflect  .   A - +0 helmet
rElec    .         Harm     .   (no cloak)
rCorr    .         Rampage  .   (no gloves)
Will     +++..                  (no boots)
Stlth    ..........             (no amulet)
HPRegen  1.25/turn              v - +4 ring of evasion
MPRegen  0.11/turn              y - ring "Milu" {Fire rN+ Will+}

@: berserking, strong-willed, corroded, regenerating, very quick
A: no striking features
a: Renounce Religion, Berserk, Trog's Hand


You were on level 6 of the Dungeon.
You worshipped Trog.
Trog was pleased with you.
You visited 2 branches of the dungeon, and saw 8 of its levels.

You collected 211 gold pieces.

Inventory:

Hand Weapons
 k - a +0 short sword of flaming (weapon)
 p - a +0 rapier of speed
 w - a +0 shortbow
Missiles
 n - 106 arrows
 q - 2 throwing nets
Armour
 t - a +0 kite shield (worn)
 A - a +0 helmet (worn)
 C - a +1 chain mail of fire resistance (worn)
Jewellery
 v - a +4 ring of evasion (left hand)
 y - the ring "Milu" (right hand) {Fire rN+ Will+}
   (You found it on level 4 of the Dungeon)

   [ring of fire]

   It enhances your fire magic.
   It protects you from fire.
   It makes you vulnerable to cold.
   It protects you from negative energy.
   It increases your willpower.
 D - a ring of protection from cold
Scrolls
 a - 2 scrolls of immolation {unknown}
 c - 2 scrolls of torment {unknown}
 d - 2 scrolls of fear {unknown}
 e - a scroll of magic mapping {unknown}
 g - 4 scrolls of teleportation {unknown}
 j - 2 scrolls of noise {unknown}
 m - 6 scrolls of identify {unknown}
 o - a scroll of silence {unknown}
 r - 2 scrolls of enchant weapon {unknown}
 s - a scroll of blinking {unknown}
 z - a scroll of summoning {unknown}
 B - a scroll of amnesia {unknown}
 E - a scroll of fog {unknown}
Potions
 b - a potion of flight {unknown}
 f - a potion of cancellation {unknown}
 h - a potion of berserk rage {unknown}
 i - a potion of magic {unknown}
 l - 3 potions of curing {unknown}
 u - a potion of mutation {unknown}
 x - a potion of brilliance {unknown}


   Skills:
 + Level 4.7 Fighting
 + Level 6.2 Short Blades
 + Level 4.2 Axes
 + Level 3.9 Armour
 + Level 3.1 Dodging
 + Level 0.8 Stealth


You had 7 spell levels left.
You didn't know any spells.
Your spell library contained the following spells:

 Spells                   Type           Power      Damage    Failure   Level
 Corona                   Hex            0%         N/A       100%        1
 Ensorcelled Hibernation  Hex/Ice        0%         N/A       100%        2
 Confusing Touch          Hex            0%         N/A       100%        3
 Dazzling Flash           Conj/Hex       0%         N/A       100%        3
 Gell's Gravitas          Tloc           0%         N/A       100%        3
 Tukima's Dance           Hex            0%         N/A       100%        3
 Petrify                  Tmut/Erth      0%         N/A       100%        4
 Metabolic Englaciation   Hex/Ice        0%         N/A       100%        5
 Yara's Violent Unravell  Hex/Tmut       0%         3d3       100%        5


Dungeon Overview and Level Annotations

Branches:
Dungeon (7/15)             Temple (1/1) D:4

Altars:
Ashenzari
Cheibriados
Dithmenos
Elyvilon
Fedhas
Gozag
Hepliaklqana
Kikubaaqudgha
Makhleb
Nemelex Xobeh
Okawaru
Ru
Sif Muna
Trog
Uskayaw
Vehumet
Wu Jian
Xom
Yredelemnul
Zin
The Shining One

Shops:
D:1 :


Message History

You feel strong-willed. The jelly barely misses you.
You hit the jelly. You burn the jelly. The acid corrodes you!
Your hands burn!
The jelly is moderately wounded.
The jelly hits you. The acid corrodes you!
You are splashed with acid!
You hit the jelly but do no damage.
Your hands burn!
The jelly is moderately wounded.
The jelly hits you.
You are splashed with acid.
* * * LOW HITPOINT WARNING * * *
Okay, then.
The jelly jiggles.
You feel the effects of Trog's Hand fading.
There is a stone staircase leading down here.
The jelly hits you.
You are splashed with acid!
You climb downwards.
A steam dragon comes into view.
The steam dragon hisses angrily.
Found a stone staircase leading up.
There is a stone staircase leading up here.
The jelly hits you.
You are splashed with acid!
* * * LOW HITPOINT WARNING * * *
You climb upwards.
Your skin stops crawling.
You feel less strong-willed.
There is a stone staircase leading down here.
Your skin crawls.
You feel strong-willed. The jelly completely misses you.
A red film seems to cover your vision as you go berserk!
You feel yourself moving faster!
You feel mighty! The jelly hits you.
You are splashed with acid!
* * * LOW HITPOINT WARNING * * *
You hit the jelly. You burn the jelly. The acid corrodes you!
Your hands burn!
* * * LOW HITPOINT WARNING * * *
The jelly is heavily wounded.
The jelly hits you.
* * * LOW HITPOINT WARNING * * *
You are splashed with acid!
* * * LOW HITPOINT WARNING * * *
You hit the jelly but do no damage.
Your hands burn!
You die...

#### #.. #.#
############.#######
............#...@J.#
.###########.#####.#
....# #.#####.####
###.# #.##.......# #
#.##.#####.# #.##.
#.# # #.... #.##.#
#.... #....#
#.#####.####


You could see a jelly.

Vanquished Creatures
  A necrophage (D:4)
  2 ogres
  A centaur (D:4)
  Blork the orc (D:5)
  A scorpion (D:4)
  A water moccasin skeleton (D:5)
  A bullfrog zombie (D:5)
  4 hounds
  An orc priest (D:3)
  A jelly (D:4)
  A centaur skeleton (D:5)
  Jessica (D:2)
  2 iguanas
  A hound skeleton (D:2)
  Robin (D:4)
  A howler monkey skeleton (D:5)
  4 adders
  A dart slug (D:5)
  13 orcs
  5 ball pythons
  7 endoplasms
  2 giant cockroaches
  11 goblins
  10 hobgoblins
  2 jackals (D:3)
  A quokka (D:2)
  4 bats
  3 frilled lizards
  8 kobolds
  3 rats
95 creatures vanquished.

Vanquished Creatures (others)
  A white imp (D:6)
  2 jackals (D:4)
  5 plants (D:6)
8 creatures vanquished.

Grand Total: 103 creatures vanquished

Notes
Turn   | Place    | Note
-------+----------+-------------------------------------------
     0 | D:1      | kasomir the Human Berserker began the quest for the Orb.
     0 | D:1      | Reached XP level 1. HP: 18/18 MP: 1/1
   388 | D:1      | Found Hoethil's Book Shop.
   412 | D:1      | Reached XP level 2. HP: 21/24 MP: 2/2
  1372 | D:2      | Noticed Jessica
  1384 | D:2      | Killed Jessica
  1385 | D:2      | Reached XP level 3. HP: 25/29 MP: 3/3
  1447 | D:2      | Reached ** piety under Trog
  1448 | D:2      | Reached XP level 4. HP: 30/35 MP: 4/4
  2090 | D:2      | Found a faded altar of an unknown god.
  2187 | D:3      | Reached XP level 5. HP: 31/42 MP: 5/5
  2336 | D:3      | Reached skill level 1 in Short Blades
  2890 | D:4      | Noticed a centaur
  2906 | D:4      | Killed a centaur
  2907 | D:4      | Reached skill level 2 in Short Blades
  2907 | D:4      | Reached XP level 6. HP: 30/48 MP: 6/6
  2993 | D:4      | Reached skill level 3 in Short Blades
  3034 | D:4      | Noticed a necrophage
  3048 | D:4      | Killed a necrophage
  3079 | D:4      | Reached XP level 7. HP: 49/54 MP: 7/7
  3083 | D:4      | Reached skill level 4 in Short Blades
  3225 | D:4      | Identified the ring "Milu" {Fire rN+ Will+}
  3369 | D:4      | Noticed Robin
  3379 | D:4      | Reached *** piety under Trog
  3407 | D:4      | Killed Robin
  3605 | D:4      | Found a staircase to the Ecumenical Temple.
  3614 | Temple   | Entered the Ecumenical Temple
  4140 | D:5      | Entered Level 5 of the Dungeon
  4140 | D:5      | Noticed Blork the orc
  4158 | D:5      | Killed Blork the orc
  4159 | D:5      | Reached skill level 5 in Short Blades
  4440 | D:5      | Reached XP level 8. HP: 35/61 MP: 8/8
  4926 | D:5      | Reached skill level 6 in Short Blades
  5058 | D:5      | Found a hide-covered altar of Uskayaw.
  5058 | D:5      | Found a sparkling altar of Nemelex Xobeh.
  5058 | D:5      | Found a glowing silver altar of Zin.
  5058 | D:5      | Found a shadowy altar of Dithmenos.
  5087 | D:5      | Found an ancient bone altar of Kikubaaqudgha.
  5092 | D:5      | Found a hazy altar of Hepliaklqana.
  5992 | D:6      | Splashed by a jelly's acid

Illustrated notes

Levels and vault maps discovered:
D:1:      lemuel_arrival_room, layout_basic, serial_shops, shop,
          roderic_lattice_a, serial_bayou_pond_d, hangedman_decor_points
D:2:      layout_loops_cross, hellmonk_ecumenical_altar_inner_sanctum,
          uniq_jessica
D:3:      layout_basic, grunt_decor_fettered
D:4:      layout_loops_ring, lemuel_temple_firewalk_a, uniq_robin
D:5:      layout_cave_pods, minmay_overflow_temple_hex, uniq_blork_the_orc
D:6:      layout_loops_ring, serial_bayou, serial_bayou_shore_a,
          serial_bayou_ford_a, serial_bayou_shore_b, serial_bayou_pond_d
D:7:      layout_gridville, chequers_serial_rivers_room_a, uniq_prince_ribbit1
Temple:   regret_index_temple_waves

Skill      XL: |  1  2  3  4  5  6  7  8 |
---------------+-------------------------+-----
Axes           | 4 |  4.2
Short Blades   | 2 3 5 6 |  6.2
Fighting       | 4 |  4.7
Armour         | 3 |  3.9
Dodging        | 3 |  3.1
Stealth        | |  0.8

Action                   |  1- 3 |  4- 6 |  7- 9 || total
-------------------------+-------+-------+-------++-------
Melee: Hand axe          |    67 |     2 |       ||    69
       Rapier            |       |   107 |       ||   107
       Short sword       |       |    53 |   220 ||   273
Throw: Javelin           |     1 |       |       ||     1
Invok: Trog's Hand       |       |     1 |     6 ||     7
       Berserk           |       |       |     2 ||     2
 Stab: Sleeping          |     1 |       |       ||     1
Armor: Animal skin       |    11 |       |       ||    11
       Ring mail         |     9 |    48 |    11 ||    68
       Chain mail        |       |       |    47 ||    47
Dodge: Dodged            |    49 |   109 |    99 ||   257
Block: Kite shield       |       |       |    29 ||    29

Table legend: (Time is in decaauts)
 A = Elapsed time spent in this place.
 B = Non-inter-level travel time spent in this place.
 C = Inter-level travel time spent in this place.
 D = Time resting spent in this place.
 E = Time spent auto-exploring this place.
 F = Levels seen in this place.
 G = Mean time per level.
                   A        B        C        D        E       F      G
               +--------+--------+--------+--------+--------+-----+--------+
         Total |   5977 |   5617 |    360 |    958 |   3204 |   8 |  747.1 |
       Dungeon |   5820 |   5534 |    286 |    958 |   3131 |   7 |  831.4 |
        Temple |    157 |     83 |     74 |      0 |     72 |   1 |  157.0 |
               +--------+--------+--------+--------+--------+-----+--------+

Top non-repeatable levels by time:
     D:5: 1277 daAuts
     D:1: 1257 daAuts
     D:4: 1093 daAuts
     D:2: 890 daAuts
     D:3: 727 daAuts
     D:6: 571 daAuts
  Temple: 157 daAuts
     D:7: 1 daAuts
